 Dungeon Crawl Stone Soup version 0.30-a0-722-g3e6e8c874d (webtiles) character file.

Game seed: 261804340194253731

222877 browni3141 the Brawler (level 18, -1/300 HPs)
             Began as a Troll Berserker on Jan 27, 2023.
             Was a High Priest of Trog.
             Slain by a radroach (10 damage)
             ... on level 1 of the Spider Nest.
             The game lasted 01:32:17 (32234 turns).

browni3141 the Brawler (Troll Berserker)           Turns: 32234, Time: 01:32:18

Health: -1/300     AC:  8    Str: 39    XL:     18   Next: 54%
Magic:  17/17      EV: 14    Int:  2    God:    Trog [*****.]
Gold:   884        SH:  0    Dex: 13    Spells: 17/17 levels left

rFire   . . .      SeeInvis +      - Unarmed
rCold   + + .      Faith    .    (no shield)
rNeg    . . .      Spirit   .    O - +0 troll leather armour
rPois   +          Reflect  .    F - +2 hat {SInv}
rElec   +          Harm     .    w - +2 cloak
rCorr   .          Rampage  .    (gloves unavailable)
Will    ++...                    (boots unavailable) Stlth
                                 o - amulet of regeneration
HPRegen 3.10/turn                L - ring of the Queen {Drain rElec rC++ Will+ Str+4}
MPRegen 0.15/turn                f - ring of poison resistance

@: berserking, lethally poisoned (-1 -> -3), corroded, very quick
A: large, unfitting armour, claws 3, regeneration 1, shaggy fur 1, tough skin 1,
agile 1, robust 1
}: 1/15 runes: decaying
a: Renounce Religion, Berserk, Trog's Hand, Brothers in Arms


You were on level 1 of the Spider Nest.
You worshipped Trog.
Trog was extremely pleased with you.
You visited 6 branches of the dungeon, and saw 31 of its levels.
You also visited: Sewer, Ossuary and Ice Cave.

You collected 4559 gold pieces.
You spent 3675 gold pieces at shops.

Inventory:

Missiles
 c - a throwing net
 h - 35 poisoned darts
 j - 2 silver boomerangs
 v - 13 curare-tipped darts
 x - 10 datura-tipped darts
 H - 17 large rocks
 M - 5 boomerangs
 U - a silver javelin (quivered)
Armour
 w - a +2 cloak (worn)
 F - a +2 hat of see invisible (worn)
 O - a +0 troll leather armour (worn)
 X - a +2 robe of cold resistance
Jewellery
 f - a ring of poison resistance (right claw)
 m - the ring of Perfectionism {rElec rF+++ rC+ Will++ Str-5}
   (You bought it in a shop on level 3 of the Elven Halls)

   [ring of protection from cold]

   Str:       It affects your strength (-5).
   rF:        It renders you almost immune to fire.
   rC:        It protects you from cold.
   rElec:     It insulates you from electricity.
   Will:      It greatly increases your willpower.
 o - an amulet of regeneration (around neck)
 p - the ring of Ydasius {EV+5 Int+5}
   (You found it on level 3 of the Elven Halls)

   [ring of evasion]

   EV:        It affects your evasion (+5).
   Int:       It affects your intelligence (+5).
 t - a ring of resist corrosion
 y - an amulet of the acrobat
 C - a ring of ice
 K - a +6 ring of strength
 L - the ring of the Queen (left claw) {Drain rElec rC++ Will+ Str+4}
   (You bought it in a shop on level 1 of the Elven Halls)

   [ring of willpower]

   Str:       It affects your strength (+4).
   rC:        It greatly protects you from cold.
   rElec:     It insulates you from electricity.
   Drain:     It drains your maximum health when unequipped.
   Will:      It increases your willpower.
 S - a ring of flight
 T - a ring of protection from fire
 V - a ring of fire
Wands
 a - a wand of flame (43)
 q - a wand of polymorph (18)
 D - a wand of acid (48)
 N - a wand of charming (25)
 Q - a wand of iceblast (33)
 R - a wand of mindburst (27)
 Z - a wand of digging (7)
Potions
 i - 6 potions of cancellation
 k - 4 potions of mutation
 l - 3 potions of curing
 n - 7 potions of might
 r - a potion of lignification {unknown}
 s - a potion of berserk rage {unknown}
 u - 9 potions of flight
 A - 8 potions of heal wounds
 E - 2 potions of attraction
 G - 3 potions of resistance {unknown}
 I - 3 potions of ambrosia
 P - a potion of magic {unknown}
Miscellaneous
 b - a piece from Xom's chessboard (15/15)
 d - a phial of floods (inert)
 e - a lightning rod (4/4)
 J - a phantom mirror
 W - a tin of tremorstones (inert)
 Y - a condenser vane


   Skills:
 + Level 12.1 Fighting
 * Level 17.6 Throwing
 - Level 8.0 Armour
 + Level 12.0 Dodging
 - Level 1.0 Stealth
 * Level 19.4 Unarmed Combat


You had 17 spell levels left.
You didn't know any spells.
Your spell library was empty.

Dungeon Overview and Level Annotations

Branches:
Dungeon (15/15)            Temple (0/1) D:7            Lair (5/5) D:11
  Swamp (4/4) Lair:3       Spider (2/4) Lair:3        Slime (0/5) Lair:5
    Orc (2/2) D:12            Elf (3/3) Orc:2        Vaults (0/5) D:13
 Depths (0/4) D:15          Sewer (visited)         Ossuary (visited)
  IceCv (visited)

Altars:
Gozag
Hepliaklqana
Makhleb
Nemelex Xobeh
Okawaru
Ru
Sif Muna
Zin
Jiyva

Shops:
D:4 *   Orc:2 !(=*   Elf:1 *   Elf:2 *   Elf:3 =

Portals:
Trove: Elf:2 (give 4 potions of resistance)

Annotations:
D:8 6 transporters, exclusion: downstairs
Swamp:3 3 runed translucent doors, exclusion: 3 doors, Xonepos's ghost, adept MiFi
Spider:2 Azrael; Louise
Elf:2 5 runed translucent doors


Innate Abilities, Weirdness & Mutations

You are too large for most types of armour.
You have claws for hands.
Your natural rate of healing is unusually fast.
You are covered in fur. (AC +1)
You have tough skin. (AC +1)
You are agile. (Dex +4, Str/Int -1)
You are robust. (+10% HP)


Message History

The redback bites you. The redback bites you!
* * * LOW HITPOINT WARNING * * *
The radroach completely misses you. x2; The redback closely misses you.
You scratch the redback but do no damage.
You feel very sick. The redback bites you!
* * * LOW HITPOINT WARNING * * *
The radroach bites you!!
* * * LOW HITPOINT WARNING * * *
The radroach claws you!
* * * LOW HITPOINT WARNING * * *
Unknown command.
You completely miss the redback.
You feel very sick. The redback bites you!
* * * LOW HITPOINT WARNING * * *
The redback bites you.
* * * LOW HITPOINT WARNING * * *
Unknown command.
You eviscerate the redback!!!
You feel the power of Trog in you as your rage grows.
You kill the redback!
Trog accepts your kill.
You feel very sick. The radroach bites you!
* * * LOW HITPOINT WARNING * * *
The radroach barely misses you.
Unknown command.
You eviscerate the radroach!!!
The radroach is heavily wounded.
You feel very sick. The redback bites you!
* * * LOW HITPOINT WARNING * * *
You claw the radroach!
The radroach is severely wounded.
You feel sick. The redback barely misses you.
You scratch the radroach.
The radroach is almost dead.
You feel sick. The radroach bites you!
You die...

##......## #. #..#####
##### ## ##.^##
#####...## ##..##
#........# ##..#
#........# #.^##
#........### ##.s#
#......^..## ##s##
#.........## #B@#
#.........#. ##†#
#........... #.##
#........... #..##
#.......##..
######.####.....## ##
####..........#..^## ##
##.^.............#######.
#..............##....^...
####.........##########..


You could see a radroach and 2 redbacks.

Vanquished Creatures
  the Lernaean hydra (Swamp:4)
  Zenata (Elf:3)
  Jorgrun (Spider:2)
  Rupert (D:13)
  Mlioglotl (Swamp:3)
  2 deep elf master archers (Elf:3)
  A deep elf blademaster (Elf:3)
  A fenstrider witch (Swamp:3)
  2 deep elf sorcerers
  An emperor scorpion (Spider:1)
  A ghost moth (Spider:1)
  A broodmother (Spider:1)
  5 deep elf elementalists
  The ghost of Darius099 the Grappler, a journeyman TrMo of Jiyva (Lair:2)
  Nessos (Lair:4)
  7 deep elf demonologists
  4 eleionomae
  6 deep elf annihilators (Elf:3)
  A dire elephant (D:15)
  5 bunyips
  4 deep elf death magi
  An ettin (Orc:2)
  3 deep elf high priests
  Fannar (Lair:2)
  An entropy weaver (Spider:2)
  A rakshasa (D:9)
  Erolcha (D:9)
  17 hydras
  7 ghost crabs
  An ice dragon (Lair:5)
  A spriggan air mage (Swamp:4)
  A catoblepas (Lair:5)
  8 centaur warriors
  A radroach (Spider:2)
  13 alligators
  6 two-headed ogres
  3 boulder beetles
  11 dancing weapons
  12 death yaks
  Urug (D:13)
  4 orc high priests
  9 deep elf knights
  4 goliath frogs
  Lodul (D:14)
  4 skeletal warriors (D:15)
  9 spriggan druids
  4 orb spiders (Spider:1)
  12 swamp dragons (Swamp:4)
  11 deep elf archers
  A steelbarb worm (Spider:1)
  A wizard (D:14)
  17 deep elf pyromancers
  10 ugly things
  A lindwurm (Lair:5)
  7 wolf spiders
  16 deep elf zephyrmancers
  6 orc knights
  3 large abominations (Elf:1)
  6 cyclopes
  6 manticores
  5 orc sorcerers
  5 will-o-the-wisps
  A moth of wrath (Spider:1)
  3 ice statues (IceCv)
  Maurice (D:13)
  A guardian serpent (shapeshifter) (D:15)
  A salamander (shapeshifter) (D:14)
  6 torpor snails (Lair:5)
  2 guardian serpents (D:14)
  3 black mambas
  10 elephants
  10 cane toads
  4 apocalypse crabs (Swamp:2)
  Maggie (D:7)
  A gargoyle (D:13)
  3 demonic crawlers (Spider:1)
  6 komodo dragons
  A rime drake (shapeshifter) (Elf:1)
  An unseen horror (shapeshifter) (D:15)
  Psyche (D:10)
  A rime drake (Lair:4)
  A freezing wraith (IceCv)
  A bloated husk (Swamp:3)
  3 trolls
  13 hornets
  10 polar bears (Lair:5)
  9 tyrant leeches
  10 tarantellas
  A raiju (Lair:5)
  13 blink frogs
  A jumping spider (shapeshifter) (D:15)
  13 jumping spiders
  22 slime creatures
  3 air elementals
  A culicivora (shapeshifter) (D:15)
  A vampire (D:12)
  A shadow (D:11)
  2 wraiths
  10 spriggans
  3 fire elementals
  18 yaks
  8 wyverns
  7 culicivoras
  7 humans
  19 vampire mosquitoes
  24 redbacks
  5 steam dragons
  5 basilisks
  Grum (D:10)
  Menkaure (D:7)
  8 wargs
  4 death yak simulacra (IceCv)
  2 harpy simulacra (IceCv)
  13 swamp worms
  An acid dragon (D:8)
  14 water moccasins
  15 hell hounds
  10 swamp drakes
  24 orc warriors
  2 ice beasts (D:5)
  14 black bears
  10 centaurs
  10 ogres
  32 wolves
  A phantom (D:7)
  4 kobold brigands
  17 bullfrogs
  5 elf zombies
  2 gnoll sergeants
  2 scorpions
  4 necrophages
  2 earth elementals (Elf:2)
  4 wights (D:8)
  21 killer bees
  5 electric eels
  A howler monkey (shapeshifter) (D:13)
  4 howler monkeys
  A centaur zombie (Ossuary)
  2 hounds
  A jelly (Lair:2)
  4 gnoll boudas
  19 orc priests
  27 orc wizards
  2 iguanas
  Ijyb (D:4)
  A wolf simulacrum (IceCv)
  2 mummies (Ossuary)
  20 gnolls
  13 adders
  5 river rats (Sewer)
  2 white imps (D:6)
  2 ufetubi
  5 worms
  2 dart slugs (D:1)
  64 orcs
  7 endoplasms
  5 giant cockroaches
  3 gnoll zombies (Ossuary)
  8 goblins
  10 hobgoblins
  10 jackals
  2 quokkas (Sewer)
  10 ball pythons
  10 bats
  3 frilled lizards
  4 hobgoblin zombies (Ossuary)
  15 kobolds
  4 orc zombies (Ossuary)
  4 rats
1049 creatures vanquished.

Vanquished Creatures (collateral kills)
  A deep elf blademaster (Elf:3)
  An entropy weaver (Spider:1)
  A deep elf death mage (Elf:3)
  A death yak (Lair:5)
  A two-headed ogre (D:11)
  A yaktaur (D:13)
  5 dream sheep (Lair:5)
  A blink frog (Lair:5)
  A slime creature (D:13)
  A jumping spider (Spider:1)
  9 humans (D:13)
  A wolf (Lair:5)
24 creatures vanquished.

Vanquished Creatures (others)
  An alligator (Swamp:4)
  A goliath frog (Swamp:1)
  A spriggan druid (Swamp:2)
  4 bloated husks
  A fire elemental (Elf:3)
  A redback (Spider:2)
  A centaur (D:15)
  An orc wizard (D:4)
  An orc (Orc:2)
  14 foxfires
  14 fungi
  36 plants
76 creatures vanquished.

Grand Total: 1149 creatures vanquished

Notes
Turn   | Place    | Note
-------+----------+-------------------------------------------
     0 | D:1      | browni3141 the Troll Berserker began the quest for the Orb.
     0 | D:1      | Reached XP level 1. HP: 22/22 MP: 0/0
   108 | D:1      | Reached skill level 1 in Stealth
   108 | D:1      | Reached XP level 2. HP: 28/29 MP: 1/1
   266 | D:1      | Reached ** piety under Trog
   324 | D:1      | Reached XP level 3. HP: 36/36 MP: 2/2
  1314 | D:3      | Reached XP level 4. HP: 27/44 MP: 3/3
  1639 | D:3      | Reached skill level 4 in Unarmed Combat
  1786 | D:4      | Noticed an ogre
  2041 | D:4      | Noticed Ijyb
  2117 | D:4      | Noticed a water moccasin
  2123 | D:4      | Killed a water moccasin
  2124 | D:4      | Reached skill level 1 in Throwing
  2124 | D:4      | Reached XP level 5. HP: 53/53 MP: 4/4
  2130 | D:4      | Found Luonomao's Serpentskin Sales.
  2155 | D:4      | Bought 5 curare-tipped darts for 72 gold pieces
  2195 | D:4      | Killed an ogre
  2196 | D:4      | Reached XP level 6. HP: 61/61 MP: 5/5
  2424 | D:4      | Reached skill level 5 in Unarmed Combat
  2713 | D:5      | Entered Level 5 of the Dungeon
  2943 | D:5      | Noticed an ice beast
  2947 | D:5      | Killed an ice beast
  2948 | D:5      | Reached XP level 7. HP: 67/67 MP: 6/6
  3149 | D:5      | You fall into a shaft and drop 3 floors!
  3178 | D:8      | Found a transporter.
  3179 | D:8      | Found a transporter.
  3192 | D:8      | Noticed a steam dragon
  3207 | D:7      | Noticed Maggie
  3220 | D:7      | Killed Maggie
  3221 | D:7      | Reached skill level 6 in Unarmed Combat
  3221 | D:7      | Reached XP level 8. HP: 21/78 MP: 7/7
  3280 | D:7      | Found a staircase to the Ecumenical Temple.
  3292 | D:7      | Found a sand-covered staircase.
  3308 | Ossuary  | Entered an ossuary
  3334 | Ossuary  | Reached *** piety under Trog
  3525 | D:6      | Found a glowing drain.
  3560 | Sewer    | Entered a sewer
  3679 | Sewer    | Reached skill level 7 in Unarmed Combat
  3682 | Sewer    | Reached skill level 5 in Throwing
  4031 | Sewer    | Reached **** piety under Trog
  4578 | D:6      | Found an opulent altar of Gozag.
  4725 | D:6      | Reached XP level 9. HP: 85/85 MP: 8/8
  5400 | D:7      | Reached skill level 8 in Unarmed Combat
  5482 | D:7      | Noticed Menkaure
  5488 | D:7      | Killed Menkaure
  5489 | D:7      | Reached skill level 5 in Fighting
  5527 | D:7      | Reached skill level 5 in Dodging
  5569 | D:7      | Reached ***** piety under Trog
  6172 | D:8      | Found a transporter.
  6229 | D:8      | Found a transporter.
  6230 | D:8      | Found a transporter.
  6235 | D:8      | Found a transporter.
  6476 | D:8      | Reached skill level 9 in Unarmed Combat
  6477 | D:8      | Reached XP level 10. HP: 72/96 MP: 9/9
  6854 | D:8      | Found a glowing silver altar of Zin.
  6854 | D:8      | Found an iron altar of Okawaru.
  7085 | D:8      | Gained mutation: You are agile. (Dex +4, Str/Int -1)
                  | [potion of mutation]
  7085 | D:8      | Gained mutation: You are robust. (+10% HP) [potion of
                  | mutation]
  7109 | D:9      | Noticed Erolcha
  7144 | D:9      | Identified the +8 long sword "Wiuskal" {protect, rC+ Str+2}
  7158 | D:9      | Noticed a cyclops
  7165 | D:9      | Killed a cyclops
  7169 | D:9      | Noticed a cyclops
  7224 | D:9      | Killed a cyclops
  7258 | D:9      | Noticed a manticore
  7258 | D:9      | Noticed a five-headed hydra
  7371 | D:9      | Noticed a rakshasa
  7388 | D:9      | Killed a rakshasa
  7389 | D:9      | Reached skill level 10 in Unarmed Combat
  7668 | D:9      | Reached XP level 11. HP: 93/115 MP: 10/10
  7688 | D:10     | Entered Level 10 of the Dungeon
  7708 | D:10     | Noticed Grum
  7715 | D:10     | Killed Grum
  7798 | D:10     | Noticed Psyche
  7821 | D:10     | Received a gift from Trog
  8128 | D:10     | Found a shimmering blue altar of Sif Muna.
  8204 | D:10     | Noticed Sonja
  8212 | D:10     | Sonja changed into Sonja the hornet
  8212 | D:10     | Noticed Sonja
  8216 | D:10     | Killed Sonja the hornet
  8253 | D:10     | Found a sacrificial altar of Ru.
  8476 | D:10     | Noticed a two-headed ogre
  8486 | D:10     | Killed a two-headed ogre
  8487 | D:10     | Reached skill level 11 in Unarmed Combat
  8513 | D:10     | Found a burning altar of Makhleb.
  8553 | D:10     | Found a hazy altar of Hepliaklqana.
  8553 | D:10     | Noticed a two-headed ogre
  8558 | D:10     | Killed a two-headed ogre
  8872 | D:11     | Noticed a two-headed ogre
  8878 | D:11     | Killed a two-headed ogre
  8935 | D:11     | Found a staircase to the Lair.
  9388 | D:12     | Reached skill level 10 in Throwing
  9578 | D:12     | Found a sparkling altar of Nemelex Xobeh.
  9681 | D:12     | Reached skill level 1 in Armour
  9792 | D:12     | Found a staircase to the Orcish Mines.
  9841 | D:12     | Reached XP level 12. HP: 129/129 MP: 11/11
 10326 | D:9      | Reached skill level 12 in Unarmed Combat
 10437 | D:9      | Noticed a two-headed ogre
 10442 | D:9      | Killed a two-headed ogre
 10479 | D:9      | Killed a five-headed hydra
 10891 | Lair:1   | Entered Level 1 of the Lair of Beasts
 11957 | Lair:2   | Found a runed translucent gate.
 11958 | Lair:2   | Found a runed translucent gate.
 11958 | Lair:2   | Found a runed translucent gate.
 11959 | Lair:2   | Noticed Darius099's ghost (journeyman TrMo)
 12129 | Lair:2   | You fall into a shaft and drop 2 floors!
 12404 | Lair:4   | Noticed a death yak
 12405 | Lair:4   | Noticed a death yak
 12405 | Lair:4   | Noticed a death yak
 12409 | Lair:4   | Noticed a death yak
 12413 | Lair:4   | Noticed a death yak
 12414 | Lair:4   | Noticed a death yak
 12417 | Lair:4   | Noticed a death yak
 12424 | Lair:4   | Noticed a death yak
 12433 | Lair:4   | Killed a death yak
 12434 | Lair:4   | Reached skill level 13 in Unarmed Combat
 12438 | Lair:4   | Killed a death yak
 12441 | Lair:4   | Killed a death yak
 12442 | Lair:4   | Reached XP level 13. HP: 124/139 MP: 12/12
 12673 | Lair:4   | Noticed Nessos
 12866 | Lair:3   | Found a staircase to the Swamp.
 12867 | Lair:3   | Found a frozen archway.
 12876 | IceCv    | Entered an ice cave
 13262 | Lair:3   | Received a gift from Trog
 13384 | Lair:3   | Found a hole to the Spider Nest.
 13924 | Lair:2   | Noticed Fannar
 13926 | Lair:2   | Killed Fannar
 14251 | Lair:2   | Found a viscous altar of Jiyva.
 14409 | Lair:2   | Killed Darius099's ghost
 14522 | Lair:4   | Killed Nessos
 14823 | Lair:5   | Entered Level 5 of the Lair of Beasts
 14863 | Lair:5   | Reached skill level 14 in Unarmed Combat
 14961 | Lair:5   | Reached skill level 5 in Armour
 14996 | Lair:5   | Identified the +5 dagger of Hybrom {drain, rF+ SInv}
 15006 | Lair:5   | Reached XP level 14. HP: 124/150 MP: 13/13
 15488 | Lair:5   | Found a staircase to the Slime Pits.
 15488 | Lair:5   | Found a viscous altar of Jiyva.
 16093 | Lair:5   | Found a runed translucent door.
 16190 | Lair:5   | Paralysed by a hornet for 2 turns
 16734 | Orc:1    | Entered Level 1 of the Orcish Mines
 16742 | Orc:1    | Reached skill level 15 in Unarmed Combat
 16824 | Orc:1    | Received a gift from Trog
 17285 | Orc:2    | Entered Level 2 of the Orcish Mines
 17440 | Orc:2    | Found a staircase to the Elven Halls.
 18007 | Orc:2    | Reached XP level 15. HP: 162/162 MP: 14/14
 18015 | Orc:2    | Found Eqamist's Distillery.
 18015 | Orc:2    | Found Liejoq's Weapon Emporium.
 18023 | Orc:2    | Found Qoes's Jewellery Boutique.
 18023 | Orc:2    | Found Bauck's General Store.
 18126 | Orc:2    | Bought a potion of might for 56 gold pieces
 18126 | Orc:2    | Bought a potion of heal wounds for 70 gold pieces
 18126 | Orc:2    | Bought a potion of cancellation for 112 gold pieces
 18126 | Orc:2    | Bought a potion of might for 56 gold pieces
 18126 | Orc:2    | Bought a potion of heal wounds for 70 gold pieces
 18126 | Orc:2    | Bought a potion of cancellation for 112 gold pieces
 18126 | Orc:2    | Bought a potion of ambrosia for 112 gold pieces
 18195 | D:13     | Noticed Urug
 18197 | D:13     | Noticed Rupert
 18201 | D:13     | Killed Urug
 18212 | D:13     | Killed Rupert
 18250 | D:12     | Received a gift from Trog
 18294 | D:13     | Found a gate to the Vaults.
 19008 | D:13     | Noticed Maurice
 19015 | D:13     | Killed Maurice
 19359 | D:10     | Killed Psyche
 19446 | D:9      | Killed Erolcha
 20219 | D:4      | Killed Ijyb
 20689 | D:14     | Noticed Lodul
 20696 | D:14     | Killed Lodul
 21224 | D:15     | Entered Level 15 of the Dungeon
 21249 | D:15     | Reached skill level 16 in Unarmed Combat
 21259 | D:15     | Reached skill level 10 in Fighting
 21493 | D:15     | Reached skill level 10 in Dodging
 21895 | D:15     | Received a gift from Trog
 22060 | D:15     | Found a staircase to the Depths.
 22439 | Orc:2    | Bought a ring of resist corrosion for 240 gold pieces
 22439 | Orc:2    | Bought a ring of ice for 300 gold pieces
 22490 | Elf:1    | Entered Level 1 of the Elven Halls
 22598 | Elf:1    | Found Vinicsao's General Store.
 22603 | Elf:1    | Bought a phantom mirror for 560 gold pieces
 22603 | Elf:1    | Bought the ring of the Queen {Drain rElec rC++ Will+ Str+4}
                  | for 830 gold pieces
 22843 | Elf:1    | Reached XP level 16. HP: 156/173 MP: 15/15
 23144 | Elf:1    | Reached skill level 15 in Throwing
 23186 | Elf:1    | Received a gift from Trog
 23631 | Elf:2    | Found Gatiuleh's Assorted Antiques.
 23861 | Elf:2    | Reached skill level 17 in Unarmed Combat
 23968 | Elf:2    | Found a huge runed translucent gate.
 23968 | Elf:2    | Found a huge runed translucent gate.
 23968 | Elf:2    | Found a huge runed translucent gate.
 23968 | Elf:2    | Found a huge runed translucent gate.
 23973 | Elf:2    | Found a huge runed translucent gate.
 24257 | Elf:2    | Found a portal to a secret trove of treasure.
 24351 | Elf:3    | Entered Level 3 of the Elven Halls
 24511 | Elf:3    | Received a gift from Trog
 25024 | Elf:3    | Noticed Zenata
 25054 | Elf:3    | Killed Zenata
 25349 | Elf:3    | Found Hamiucih's Jewellery Boutique.
 25386 | Elf:3    | Noticed a deep elf blademaster
 25388 | Elf:3    | Noticed a deep elf blademaster
 25401 | Elf:3    | Noticed a deep elf master archer
 25402 | Elf:3    | Killed a deep elf blademaster
 25404 | Elf:3    | Identified the ring of Qomni {Drain rElec rPois rC+ Int+8}
 25416 | Elf:3    | Killed a deep elf blademaster
 25417 | Elf:3    | Reached XP level 17. HP: 43/187 MP: 16/16
 25583 | Elf:3    | Noticed a Hell Sentinel
 25698 | Elf:3    | Killed a deep elf master archer
 25823 | Elf:3    | Identified the +2 leather armour "Zoid" {rN+}
 25871 | Elf:3    | Noticed a deep elf master archer
 25879 | Elf:3    | Killed a deep elf master archer
 26102 | Elf:3    | Identified the ring of Ydasius {EV+5 Int+5}
 26104 | Elf:3    | Identified the +7 demon whip of Exquisite Death {drain,
                  | Drain rF+ rC+ rN+}
 26134 | Elf:3    | Identified the +0 pair of gloves of the Forging Gods
                  | {Will++}
 26145 | Elf:3    | Identified the +0 sling of Infinite Pain {heavy, rF+ Dex+2}
 26243 | Elf:3    | Bought the ring of Perfectionism {rElec rF+++ rC+ Will++
                  | Str-5} for 1085 gold pieces
 26477 | Swamp:1  | Entered Level 1 of the Swamp
 27072 | Swamp:1  | Reached skill level 18 in Unarmed Combat
 27317 | Swamp:2  | Paralysed by a hornet for 2 turns
 28157 | Swamp:2  | Found a runed translucent door.
 28365 | Swamp:2  | Received a gift from Trog
 28815 | Swamp:3  | Noticed Mlioglotl
 28824 | Swamp:3  | Killed Mlioglotl
 29023 | Swamp:3  | Noticed Xonepos's ghost (adept MiFi)
 29023 | Swamp:3  | Noticed a tentacled monstrosity
 29045 | Swamp:3  | Noticed a tentacled monstrosity
 29088 | Swamp:3  | Found a runed translucent gate.
 29088 | Swamp:3  | Found a runed translucent gate.
 29088 | Swamp:3  | Found a runed translucent gate.
 29531 | Swamp:4  | Entered Level 4 of the Swamp
 30171 | Swamp:4  | Reached XP level 18. HP: 198/198 MP: 17/17
 30325 | Swamp:4  | Received a gift from Trog
 30565 | Swamp:4  | Noticed the 27-headed Lernaean hydra
 30581 | Swamp:4  | Killed the 27-headed Lernaean hydra
 30582 | Swamp:4  | Reached skill level 19 in Unarmed Combat
 30729 | Swamp:4  | Got a decaying rune of Zot
 30929 | Spider:1 | Entered Level 1 of the Spider Nest
 31996 | Spider:2 | Noticed Jorgrun
 32012 | Spider:2 | Killed Jorgrun
 32020 | Spider:2 | Noticed Louise
 32102 | Spider:2 | Noticed Azrael
 32232 | Spider:1 | HP: 9/300 [redback (7)]
 32234 | Spider:1 | Slain by a radroach

Illustrated notes

Levels and vault maps discovered:
D:1:      matt_arrival_refuge, layout_rooms
D:2:      layout_loops_ring
D:3:      layout_basic, minmay_misc_feat_plants
D:4:      layout_loops_corners, guppyfry_shop_venom, uniq_ijyb
D:5:      layout_basic
D:6:      layout_layer_cave, lemuel_crystal_altar, gup_sewer_entry_glass
D:7:      layout_loops_cross, minmay_temple_entry_glassed_door,
          nicolae_ossuary_entry_false_entrances, kennysheep_diamond,
          uniq_maggie, uniq_menkaure
D:8:      minmay_razor_zed, layout_basic, gammafunk_temple_overflow_wave,
          corexii_checkpoint_a, minivault_4, serial_nicolae_subway,
          nicolae_sub_station_metal, nicolae_sub_station_stone,
          nicolae_sub_station_crystal
D:9:      minmay_the_grid_net [minmay_the_grid_box_x,
          minmay_the_grid_minigrid_small_alt, minmay_the_grid_slots,
          minmay_the_grid_eight, minmay_the_grid_mess,
          minmay_the_grid_prize_big_room], layout_loops_ring, minivault_27,
          dreamdust_princess_bridge, uniq_erolcha
D:10:     layout_loops_ring, mainiacjoe_overflow_swirl, led_sif_book,
          mainiacjoe_overflow_concentric_impassable, uniq_sonja, uniq_psyche,
          uniq_grum
D:11:     layout_cave_pools, lair_entry_dummy
D:12:     layout_basic, erik_orc_3, nemelex_xobeh_ov_fountains_minmay
D:13:     layout_long_grid, david_vaults_3, water_boxes_lemuel, uniq_urug,
          uniq_maurice
D:14:     layout_long_grid, nrook_uturn, nrook_guardian_serpent_ordinary,
          uniq_lodul
D:15:     hangedman_depths_entry_try_elsewhere_first, layout_irregular_city,
          minmay_splitting_lines
Lair:1:   layout_small_grid, grunt_megastairs_2
Lair:2:   layout_long_grid, gammafunk_ghost_ooze, uniq_fannar
Lair:3:   layout_regular_city, swamp_mist, nicolae_spider_entry_tight_spaces,
          portal_ice_cave_entry_pillars_1, st_stairs_9, fungi_pond_lemuel,
          grunt_megastairs_4
Lair:4:   layout_cellular_growth, infiniplex_staircase_pool_2, uniq_nessos
Lair:5:   hangedman_lair_caniforms_friends, layout_misc_corridors, wormcave,
          slime_entry_1, chequers_serial_rivers_large_a
Swamp:1:  layout_basic_swamp, evilmike_swamp_ruin_house_2, swamp_pool3
Swamp:2:  gammafunk_mikee_crab_dinner, layout_basic_swamp,
          evilmike_swamp_ruin_house_6, swamp_pool1
Swamp:3:  layout_falls_marsh, gammafunk_ghost_split,
          evilmike_swamp_ruin_house_3, swamp_pool3,
          nicolae_swamp_super_fun_site, uniq_mlioglotl
Swamp:4:  swamp_old_school, layout_basic_swamp, infiniplex_staircase_pool
Spider:1: layout_cave_pods, nicolae_spider_moth_buddies
Spider:2: layout_spider_delve, uniq_azrael, uniq_jorgrun, uniq_louise
Orc:1:    layout_caves
Orc:2:    grunt_orc_tribal_feast, layout_diamond_mine
Elf:1:    elf_arrival_001, layout_geoelf_diagonals, serial_shops, shop,
          minmay_elf_necromancy
Elf:2:    elven_hall_of_blades_hangedman_alternative [grunt_blade_entry_basic],
          layout_gridlike, enter_trove_3, serial_shops, shop
Elf:3:    elf_hall, layout_gridlike, serial_shops, shop, uniq_zenata

Skill      XL: |  1  2  3  4  5  6  7  8  9 10 11 12 13 14 15 16 17 18 |
---------------+-------------------------------------------------------+-----
Stealth        | 1 |  1.0
Unarmed Combat | 4 5 6 7 9 10 11 13 14 15 16 17 18 19 | 19.4
Fighting       | 3 4 5 6 7 8 9 10 11 12 | 12.1
Throwing       | 1 2 3 4 5 7 8 10 11 12 13 14 15 17 | 17.6
Dodging        | 3 4 5 6 7 8 9 10 11 12 | 12.0
Armour         | 1 3 5 6 7 8 |  8.0

Action                     |  1- 3 |  4- 6 |  7- 9 | 10-12 | 13-15 | 16-18 || total
---------------------------+-------+-------+-------+-------+-------+-------++-------
  Melee: Unarmed           |    92 |    99 |   373 |   605 |  1069 |   879 ||  3117
         Punch             |     2 |     2 |     8 |    32 |   108 |    92 ||   244
  Throw: Dart              |       |     2 |    10 |    18 |     2 |       ||    32
         Large rock        |       |       |       |    10 |    19 |   104 ||   133
         Javelin           |       |       |       |       |    10 |    39 ||    49
         Boomerang         |       |       |       |       |    64 |    58 ||   122
 Invoke: Berserk           |       |     3 |     6 |     9 |    16 |    14 ||    48
         Trog's Hand       |       |       |       |     7 |    10 |       ||    17
         Brothers in Arms  |       |       |       |     1 |     4 |     3 ||     8
  Evoke: Wand              |       |       |       |     2 |    30 |     4 ||    36
         Tin of tremorston |       |       |       |       |     4 |     2 ||     6
         Condenser vane    |       |       |       |       |     3 |       ||     3
         Phantom mirror    |       |       |       |       |       |     2 ||     2
         Phial of floods   |       |       |       |       |       |     1 ||     1
    Use: Potion            |       |       |     2 |     4 |     5 |     7 ||    18
   Stab: Sleeping          |     3 |     1 |     1 |     2 |       |     1 ||     8
         Confused          |       |       |       |       |     6 |       ||     6
 Armour: Animal skin       |    30 |    22 |   149 |   117 |       |       ||   318
         Troll leather arm |       |       |       |   118 |   412 |   302 ||   832
         Robe              |       |       |       |       |     2 |       ||     2
  Dodge: Dodged            |    39 |    44 |   218 |   359 |   635 |   637 ||  1932

Table legend: (Time is in decaauts)
 A = Elapsed time spent in this place.
 B = Non-inter-level travel time spent in this place.
 C = Inter-level travel time spent in this place.
 D = Time resting spent in this place.
 E = Time spent auto-exploring this place.
 F = Levels seen in this place.
 G = Mean time per level.
                   A        B        C        D        E       F      G
               +--------+--------+--------+--------+--------+-----+--------+
         Total |  31908 |  29239 |   2669 |   2450 |  18779 |  34 |  938.5 |
       Dungeon |  14392 |  13340 |   1052 |    893 |   9568 |  15 |  959.5 |
          Lair |   5719 |   5267 |    452 |    256 |   3652 |   5 | 1143.8 |
         Swamp |   4230 |   3954 |    276 |    581 |   2209 |   4 | 1057.5 |
   Spider Nest |   1211 |    862 |    349 |     42 |     50 |   2 |  605.5 |
  Orcish Mines |   1508 |   1158 |    350 |     58 |    759 |   2 |  754.0 |
   Elven Halls |   3743 |   3555 |    188 |    606 |   2047 |   3 | 1247.7 |
         Sewer |    695 |    695 |      0 |      0 |    413 |   1 |  695.0 |
       Ossuary |    126 |    126 |      0 |      0 |     49 |   1 |  126.0 |
      Ice Cave |    279 |    279 |      0 |     12 |     31 |   1 |  279.0 |
               +--------+--------+--------+--------+--------+-----+--------+

Top non-repeatable levels by time:
     D:9: 1794 daAuts
  Lair:5: 1736 daAuts
   Elf:3: 1730 daAuts
     D:8: 1341 daAuts
    D:10: 1293 daAuts
  Lair:3: 1223 daAuts
 Swamp:4: 1156 daAuts
Spider:1: 1148 daAuts
 Swamp:2: 1106 daAuts
     D:4: 1099 daAuts
    D:12: 1077 daAuts
     D:7: 1042 daAuts
    D:14: 1020 daAuts
   Elf:2: 1015 daAuts
 Swamp:1: 1008 daAuts
